 Dungeon Crawl Stone Soup version 0.31.0-12-g77e489cdc1 (webtiles) character file.

Game seed: 11752018863794603373

35 Killerpretzel the Changeling (level 3, -1/23 HPs)
             Began as an Octopode Shapeshifter on Feb 24, 2024.
             Slain by a kobold
             ... wielding a +0 short sword
              (4 damage)
             ... on level 1 of the Dungeon.
             The game lasted 00:01:38 (454 turns).

Killerpretzel the Changeling (Octopode Shapeshifter) Turns: 454, Time: 00:01:39

Health: -1/23      AC:  1    Str: 13    XL:     3   Next: 33%
Magic:  3/3        EV: 13    Int: 12    God:
Gold:   42         SH:  0    Dex: 13    Spells: 2/2 levels left

rFire   . .          .
                       - Unarmed
rCold   . . .        (no shield)
rNeg    . . .        (helmet currently unavailable)
rPois   .            (no amulet)
rElec   .            (no ring)
rCorr   .            (no ring)
SInv    .            (no ring)
Will    .....        (no ring)
Stlth   ++           (no ring)
HPRegen 0.23/turn    (no ring)
MPRegen 0.08/turn    (no ring)
                     (no ring)

%: no passive effects
@: beast-form
A: beast (slay +1), almost no armour, amphibious, 8 rings, camouflage 1,
gelatinous body 1, (nimble swimmer 1), tentacles
a: Begin Untransformation


You were on level 1 of the Dungeon.
You were a hulking beast.
You visited 1 branch of the dungeon, and saw 1 of its levels.

You collected 42 gold pieces.

Inventory:

Talismans
 b - a beast talisman
 c - a flux talisman
Scrolls
 d - a scroll of teleportation {unknown}
 g - a scroll of poison {unknown}
Potions
 a - a potion of lignification
 e - a potion of brilliance {unknown}
 f - a potion of curing {unknown}


   Skills:
 + Level 1.5 Fighting
 + Level 2.4 Dodging
 + Level 3.2 Unarmed Combat
 * Level 3.4 Shapeshifting


You had 2 spell levels left.
You didn't know any spells.
Your spell library was empty.

Dungeon Overview and Level Annotations

Branches:
Dungeon (1/15)

Altars:

Shops:
D:1 :


Innate Abilities, Weirdness & Mutations

You are a hulking beast.
Your limbs bulge with bestial killing power. (Slay +1)
You cannot wear most types of armour.
You are amphibious.
You can wear up to eight rings at the same time.
Your skin changes colour to match your surroundings (Stealth+).
Your rubbery body absorbs attacks. (AC +1, EV +1)
((You are camouflaged when in or above water. (Stealth+)))
You have tentacles for arms and can constrict up to eight enemies at once.


Message History

You kill the ball python!
The bat misses you. The kobold hits you with a +0 dagger.
You barely miss the bat. Your grab misses the bat. The bat hits you.
The bat completely misses you. The kobold closely misses you.
The goblin hits you with a +0 dagger.
A rat comes into view.
There are monsters nearby!
You are too injured to fight recklessly!
You are too injured to fight recklessly!
You are too injured to fight recklessly!
You are too injured to fight recklessly!
You are too injured to fight recklessly!
You are too injured to fight recklessly!
You are too injured to fight recklessly!
You are too injured to fight recklessly!
You are too injured to fight recklessly!
You are too injured to fight recklessly!
There are monsters nearby!
Okay, then.
The rat squeaks loudly.
You tentacle-slap the bat.
You kill the bat!
The kobold hits you with a +0 dagger. x2; The goblin barely misses you.
The kobold hits you with a +0 dagger.
The kobold throws a stone.
The stone hits you. The goblin barely misses you.
The kobold attacks as it pursues you! The kobold hits you with a +0 dagger.
You tentacle-slap the goblin. You grab the goblin. You squeeze the goblin.
You kill the goblin!
You barely miss the kobold. You grab the kobold. You constrict the kobold.
The kobold hits you with a +0 dagger.
* * * LOW HITPOINT WARNING * * *
You tentacle-slap the kobold.
The kobold is severely wounded.
You constrict the kobold.
You kill the kobold!
The kobold throws a stone.
The stone misses you.
The kobold throws a stone.
The stone hits you.
* * * LOW HITPOINT WARNING * * *
The kobold hits you with a +0 short sword.
You die...

##....... ###### #r....... #....#
#........ #....# #..!..... #....#
#†.....$. #....# #........
#....## ##........ #.....##
#######Kr#...... #......#
#....hKl####.... #......#
##.######## ##.
##......###..#......# ###
.........##.##......# ######..
..####.#....# ......######.......
..........####.....###...........
..####.#..†.......##......##'###'
..## #......#.....#....#'##...#..
...###.#..........#..###..#...#..


You could see 2 kobolds, a frilled lizard and a rat.

Vanquished Creatures
  A dart slug (D:1)
  7 ball pythons (D:1)
  3 bats (D:1)
  2 endoplasms (D:1)
  A giant cockroach (D:1)
  5 goblins (D:1)
  4 hobgoblins (D:1)
  A kobold (D:1)
  A quokka (D:1)
  A frilled lizard (D:1)
  2 rats (D:1)
28 creatures vanquished.

Notes
Turn   | Place    | Note
-------+----------+-------------------------------------------
     0 | D:1      | Killerpretzel the Octopode Shapeshifter began the quest for
                  | the Orb.
     0 | D:1      | Reached XP level 1. HP: 13/13 MP: 1/1
   182 | D:1      | Reached XP level 2. HP: 13/18 MP: 2/2
   216 | D:1      | Found Lynwim's Book Shop.
   317 | D:1      | Reached XP level 3. HP: 12/23 MP: 3/3
   454 | D:1      | Slain by a kobold

Illustrated notes

Levels and vault maps discovered:
D:1:      dpeg_arrival_water_fire, layout_rooms, serial_shops,
          nicolae_book_shop_shelving

Action                     || total
---------------------------++-------
  Melee: Unarmed           ||    48
         Constrict         ||    14
         Tentacles         ||     5
 Armour: Skin              ||    30
  Dodge: Dodged            ||    32
